 Dungeon Crawl Stone Soup version 0.18.1-6-gd335043 (webtiles) character file.

38843 Moloch the Severer (level 13, -1/95 HPs)
             Began as a Demonspawn Fighter on May 16, 2016.
             Was the Champion of Okawaru.
             Slain by a 12-headed hydra (8 damage)
             ... on level 6 of the Lair of Beasts.
             The game lasted 00:43:23 (18848 turns).

Moloch the Severer (Demonspawn Fighter)            Turns: 18848, Time: 00:43:24

Health: -1/95      AC: 20    Str: 22    XL:     13   Next: 66%
Magic:  13/13      EV:  8    Int: 11    God:    Okawaru [******]
Gold:   918        SH:  0    Dex: 13    Spells: 0 memorised, 12 levels left

rFire  + . .     SeeInvis .     k - +2 battleaxe (freeze)
rCold  + . .     Gourm    .     V - +3 chain mail {rPois}
rNeg   . . .     Faith    +     (shield currently unavailable)
rPois  +         Spirit   .     (helmet unavailable)
rElec  .         Dismiss  .     y - +0 cloak
rCorr  .         Reflect  .     z - +2 pair of gloves of Freedom {rPois Str+2}
SustAt .         Harm     .     N - +0 pair of boots
MR     .....                    a - amulet of faith
Stlth  ..........               q - ring of protection from cold
                                s - ring of protection from fire

@: not resistant to hostile enchantments, extremely unstealthy
A: hooves 1, horns 3, rugged brown scales 2, demonic guardian 2, powered by pain
2, augmentation 1, no device heal 1
a: Heroism, Finesse, Renounce Religion


You were on level 6 of the Lair of Beasts.
You worshipped Okawaru.
Okawaru was exalted by your worship.
You were not hungry.

You visited 4 branches of the dungeon, and saw 19 of its levels.
You also visited: Labyrinth.

You collected 1358 gold pieces.
You spent 440 gold pieces at shops.

Inventory:

Hand Weapons
 k - a +2 battleaxe of freezing (weapon)
 I - a +4 demon whip of electrocution
Missiles
 J - 11 javelins (quivered)
 Y - a throwing net
Armour
 p - a +0 chain mail of fire resistance
 y - a +0 cloak (worn)
 z - the +2 pair of gloves of Freedom (worn) {rPois Str+2}
   (Okawaru gifted it to you on level 1 of the Orcish Mines)

   It affects your strength (+2).
   It protects you from poison.
 N - a +0 pair of boots (worn)
 V - a +3 chain mail of poison resistance (worn)
Jewellery
 a - an amulet of faith (around neck)
 q - a ring of protection from cold (right hand)
 s - a ring of protection from fire (left hand)
 F - an uncursed ring of protection from magic
Wands
 O - a wand of lightning (0/15)
 S - a wand of teleportation (9/9)
 U - a wand of digging (8/24)
Scrolls
 c - a scroll of identify
 e - 7 scrolls of remove curse
 h - 2 scrolls of magic mapping
 i - 7 scrolls of teleportation
 l - a scroll of blinking
 n - 3 scrolls of fog
 A - a scroll of enchant armour
 E - 2 scrolls of recharging
Potions
 d - 2 potions of might
 j - 4 potions of cure mutation
 m - 2 potions of lignification
 o - 4 potions of curing
 t - a potion of berserk rage
 u - a potion of magic
 v - a potion of mutation
 B - 3 potions of resistance {unknown}
 C - 5 potions of flight {unknown}
 D - 6 potions of agility
 G - 3 potions of haste {unknown}
 R - a potion of brilliance {unknown}
Comestibles
 b - 2 chunks of flesh
 f - 13 bread rations
 g - 4 meat rations
 r - 20 fruits
 w - 8 beef jerkies


   Skills:
 + Level 5.2 Fighting
 + Level 19.5 Axes
 + Level 4.4 Armour
   Level 2.6 Shields


You had 12 spell levels left.
You didn't know any spells.

Dungeon Overview and Level Annotations

Branches:
Dungeon (10/15)            Temple (1/1) D:7            Lair (6/8) D:8
 Shoals (0/4) Lair:3       Spider (0/4) Lair:4          Orc (2/2) D:10
    Elf (0/3) Orc:2
  Slime: Lair:6-8

Altars:
Ashenzari
Cheibriados
Dithmenos
Elyvilon
Fedhas
Gozag
Kikubaaqudgha
Makhleb
Nemelex Xobeh
Okawaru
Pakellas
Qazlal
Ru
Sif Muna
Trog
Vehumet
Xom
Yredelemnul
Zin
The Shining One
Beogh

Shops:
D:5 (   Orc:1 =(   Orc:2 (*

Annotations:
Lair:2 exclusion: 2 oklob plants


Innate Abilities, Weirdness & Mutations

You have a pair of large horns on your head.
You are mostly covered in rugged brown scales (AC +2, +5% HP).
A demonic guardian rushes to your aid.
You sometimes gain power by taking damage.
Your magical and physical power is slightly enhanced at high health.
You have large cloven feet.
Potions and wands are less effective at restoring your health.


Message History

The 11-headed hydra is almost dead.
You hit the death yak but do no damage.
The death yak is lightly wounded.
Unknown command.
You hack one of the 11-headed hydra's heads off!
The ten-headed hydra grows two more!
You slash the 12-headed hydra! You freeze the 12-headed hydra.
The 12-headed hydra is almost dead.
Your chain mail prevents you from hitting the death yak.
The death yak is lightly wounded.
The death yak gores you!
* * * LOW HITPOINT WARNING * * *
The 12-headed hydra bites you!
* * * LOW HITPOINT WARNING * * *
The 12-headed hydra bites you but does no damage.
The 12-headed hydra barely misses you. The 12-headed hydra bites you.
* * * LOW HITPOINT WARNING * * *
The 12-headed hydra bites you but does no damage. x4
The 12-headed hydra bites you!
You die...
PP.P

P..## P..
P.. ## ##.#
... ..##
..P.
##..##.....
#<..Y......
#.§@.......
#...†D..#...
##.P....#
#.#......
....P.#...P
#.....P.....
#.....PP.#..
#....P.>....


You could see a death yak and a 12-headed hydra.

Vanquished Creatures
  3 hydras
  3 death yaks (Lair:6)
  An orc high priest (Orc:2)
  Urug (D:10)
  A hill giant (D:10)
  2 oklob plants
  Joseph (Lair:1)
  3 black mambas
  3 spiny frogs
  10 komodo dragons
  2 rime drakes
  A troll (Orc:1)
  A two-headed ogre (D:9)
  Grinder (D:4)
  24 blink frogs
  Sigmund (D:4)
  A redback (Lair:4)
  2 wyverns
  2 shadows (Lab)
  2 basilisks (Lair:3)
  33 yaks
  A fire elemental (Lair:2)
  5 hippogriffs
  Grum (D:10)
  3 wargs (Orc:1)
  10 water moccasins
  Edmund (D:6)
  Duvessa (D:6)
  9 porcupines
  2 ice beasts
  16 orc warriors
  4 sky beasts
  A black bear (Lair:1)
  4 phantoms
  An ogre (D:10)
  2 wolves (D:10)
  2 centaurs (D:9)
  11 crocodiles
  A big kobold (D:9)
  15 giant frogs
  A gnoll sergeant (D:10)
  A wyvern zombie (D:6)
  Dowan (D:6)
  4 scorpions
  4 killer bees (D:8)
  9 wights (D:9)
  2 howler monkeys
  4 crimson imps
  4 hounds
  3 jellies
  13 orc priests
  14 orc wizards
  Terence (D:3)
  6 iguanas
  9 worker ants
  16 sheep
  A worker ant zombie (D:10)
  Robin (D:4)
  6 gnolls
  18 adders
  66 river rats
  An ooze (D:4)
  3 adder skeletons
  2 worms
  2 dart slugs
  5 giant geckos
  60 orcs
  8 bats
  3 giant cockroaches
  2 gnoll zombies (D:2)
  15 goblins
  14 hobgoblins
  3 jackals
  5 quokkas
  2 ball pythons
  A giant gecko skeleton (D:6)
  5 giant newts
  A jackal skeleton (D:5)
  A jackal zombie (D:7)
  19 kobolds
  6 rats
  4 bushes (Lair:3)
  6 fungi
  9 plants
549 creatures vanquished.

Vanquished Creatures (collateral kills)
  An orc warlord (Orc:1)
  A minotaur (Lab)
  A catoblepas (Lair:5)
  A death yak (Lair:6)
  An orc knight (Orc:2)
  A griffon (Lair:6)
  2 black mambas
  Psyche (D:10)
  A torpor snail (Lair:3)
  A komodo dragon (Lair:1)
  2 trolls
  A blink frog (Lair:3)
  11 yaks
  A hungry ghost (D:7)
  A hippogriff (D:10)
  Menkaure (D:6)
  3 orc warriors
  A phantom (D:6)
  3 ogres
  A crocodile (Lair:3)
  A crimson imp (D:7)
  An orc priest (D:5)
  3 orc wizards
  2 orcs
  A fungus (Lair:6)
44 creatures vanquished.

Vanquished Creatures (others)
  4 bushes (Lair:3)
  7 fungi
  3 plants
14 creatures vanquished.

Grand Total: 607 creatures vanquished

Notes
Turn   | Place    | Note
--------------------------------------------------------------
     0 | D:1      | Moloch the Demonspawn Fighter began the quest for the Orb.
     0 | D:1      | Reached XP level 1. HP: 18/18 MP: 1/1
     8 | D:1      | Reached skill level 2 in Axes
   129 | D:1      | Gained mutation: You are partially covered in rugged brown scales (AC +1, +3% HP). [demonic ancestry]
   129 | D:1      | Reached XP level 2. HP: 18/24 MP: 2/2
   235 | D:1      | You fall through a shaft!
   263 | D:2      | Reached skill level 3 in Axes
   383 | D:2      | Gained mutation: You have a pair of small horns on your head. [demonic ancestry]
   383 | D:2      | Reached XP level 3. HP: 29/29 MP: 3/3
   926 | D:1      | Reached XP level 4. HP: 36/36 MP: 4/4
   977 | D:1      | Reached skill level 4 in Axes
  1403 | D:2      | Found a basalt altar of Yredelemnul.
  1802 | D:3      | Noticed Terence
  1817 | D:3      | Killed Terence
  1817 | D:3      | Reached skill level 5 in Axes
  1817 | D:3      | Gained mutation: You are mostly covered in rugged brown scales (AC +2, +5% HP). [demonic ancestry]
  1817 | D:3      | Reached XP level 5. HP: 36/43 MP: 5/5
  2301 | D:4      | Noticed Robin
  2313 | D:4      | Gained mutation: A weak demonic guardian rushes to your aid. [demonic ancestry]
  2313 | D:4      | Reached XP level 6. HP: 44/49 MP: 6/6
  2363 | D:4      | Killed Robin
  2453 | D:4      | Reached skill level 6 in Axes
  2485 | D:4      | Found a burning altar of Makhleb.
  2533 | D:4      | Found an ancient bone altar of Kikubaaqudgha.
  2717 | D:4      | Noticed Grinder
  2719 | D:4      | Paralysed by Grinder for 3 turns
  2728 | D:4      | Paralysed by Grinder for 4 turns
  2739 | D:4      | Killed Grinder
  2739 | D:4      | Reached skill level 7 in Axes
  2739 | D:4      | Gained mutation: You sometimes gain a little power by taking damage. [demonic ancestry]
  2739 | D:4      | Reached XP level 7. HP: 34/54 MP: 7/7
  3277 | D:4      | Noticed Sigmund
  3285 | D:4      | Killed Sigmund
  3285 | D:4      | Reached skill level 8 in Axes
  3604 | D:5      | Entered Level 5 of the Dungeon
  3606 | D:5      | Found Sonnoboc's Antique Weapon Shop.
  4044 | D:5      | Gained mutation: A demonic guardian rushes to your aid. [demonic ancestry]
  4044 | D:5      | Reached XP level 8. HP: 60/60 MP: 8/8
  4167 | D:5      | Found an opulent altar of Gozag.
  4191 | D:5      | Reached skill level 9 in Axes
  4449 | D:6      | Noticed Menkaure
  4456 | D:6      | Killed Menkaure
  4543 | D:6      | Noticed Edmund
  4550 | D:6      | Killed Edmund
  4550 | D:6      | Reached skill level 10 in Axes
  4560 | D:6      | Noticed Dowan
  4591 | D:6      | Killed Dowan
  4640 | D:6      | Found a shadowy altar of Dithmenos.
  4644 | D:6      | Noticed Duvessa
  4652 | D:6      | Killed Duvessa
  4705 | D:6      | Found an iron altar of Okawaru.
  5496 | D:7      | Gained mutation: You sometimes gain power by taking damage. [demonic ancestry]
  5496 | D:7      | Reached XP level 9. HP: 55/66 MP: 9/9
  5703 | D:7      | Found a shimmering altar of Xom.
  5715 | D:7      | Reached skill level 11 in Axes
  5929 | D:7      | Found a staircase to the Ecumenical Temple.
  5950 | Temple   | Entered the Ecumenical Temple
  6149 | D:6      | Became a worshipper of Warmaster Okawaru
  6379 | D:7      | Found a stormy altar of Qazlal.
  6606 | D:8      | Found a staircase to the Lair.
  6607 | D:8      | Noticed a komodo dragon
  6624 | D:8      | Killed a komodo dragon
  6624 | D:8      | Reached skill level 12 in Axes
  6788 | D:8      | Got a slimy war axe
  6789 | D:8      | Identified the cursed +0 war axe "Nexeu" {chop, +Rage MP+9} (You found it on level 8 of the Dungeon)
  6804 | D:8      | Reached * piety under Okawaru
  7004 | D:8      | Found a blossoming altar of Fedhas.
  7340 | D:9      | Gained mutation: You have supernaturally acute eyesight. [mutagenic meat]
  7341 | D:9      | Gained mutation: You have a pair of horns on your head. [mutagenic meat]
  7342 | D:9      | Gained mutation: You have large cloven feet. [mutagenic meat]
  7344 | D:9      | Gained mutation: Potions and wands are less effective at restoring your health. [mutagenic meat]
  7518 | D:9      | Reached ** piety under Okawaru
  7518 | D:9      | Gained mutation: You have a pair of large horns on your head. [demonic ancestry]
  7518 | D:9      | Reached XP level 10. HP: 57/73 MP: 10/10
  7521 | D:9      | Reached skill level 13 in Axes
  8373 | D:9      | Reached *** piety under Okawaru
  8390 | D:9      | Found a white marble altar of Elyvilon.
  8990 | D:9      | Reached skill level 14 in Axes
  9264 | D:10     | Entered Level 10 of the Dungeon
  9264 | D:10     | Noticed Psyche
  9269 | D:10     | Killed Psyche
  9752 | D:10     | Noticed a hill giant
  9755 | D:10     | Reached **** piety under Okawaru
  9761 | D:10     | Killed a hill giant
  9872 | D:10     | Noticed Urug
  9885 | D:10     | Killed Urug
  9885 | D:10     | Reached XP level 11. HP: 55/78 MP: 11/11
  9910 | D:10     | Noticed Grum
  9922 | D:10     | Killed Grum
  9927 | D:10     | Reached ***** piety under Okawaru
  9933 | D:10     | Reached skill level 15 in Axes
  9944 | D:10     | Found a staircase to the Orcish Mines.
 10299 | D:10     | Found a roughly hewn altar of Beogh.
 10335 | Orc:1    | Entered Level 1 of the Orcish Mines
 10335 | Orc:1    | Noticed an orc warlord
 10356 | Orc:1    | Killed an orc warlord
 10356 | Orc:1    | Received a gift from Okawaru
 10371 | Orc:1    | Received a gift from Okawaru
 10375 | Orc:1    | Got a pair of brightly glowing gloves {god gift}
 10386 | Orc:1    | Identified the +2 pair of gloves of Freedom {rPois Str+2} (Okawaru gifted it to you on level 1 of the Orcish Mines)
 10526 | Orc:1    | Found Giwilan's Jewellery Shop.
 10539 | Orc:1    | Bought an uncursed amulet of faith for 440 gold pieces
 10618 | Orc:1    | Identified a +2 rod of ignition (9/9) (You found it on level 7 of the Dungeon)
 10701 | Orc:2    | Entered Level 2 of the Orcish Mines
 10701 | Orc:2    | Found Veok Anka's General Store.
 10701 | Orc:2    | Found Annes's Antique Weapon Shop.
 10701 | Orc:2    | Noticed an orc knight
 10701 | Orc:2    | Noticed an orc high priest
 10701 | Orc:2    | Noticed an orc sorcerer
 10701 | Orc:2    | Noticed an orc knight
 10701 | Orc:2    | Noticed an orc high priest
 10701 | Orc:2    | Noticed an orc sorcerer
 10703 | Orc:2    | Noticed an orc warlord
 10705 | Orc:2    | Noticed an orc knight
 11270 | Orc:1    | Found Cohaugan's Weapon Emporium.
 11511 | Orc:2    | Noticed an orc knight
 11524 | Orc:2    | Killed an orc knight
 11533 | Orc:2    | Reached skill level 16 in Axes
 11732 | Orc:2    | Killed an orc high priest
 11797 | Orc:1    | HP: 3/78 [orc warrior/long sword (5)]
 12163 | Lair:1   | Entered Level 1 of the Lair of Beasts
 12181 | Lair:1   | Noticed Joseph
 12198 | Lair:1   | Killed Joseph
 12420 | Lair:1   | Noticed Sonja
 12424 | Lair:1   | Noticed Sonja
 12424 | Lair:1   | Sonja changed into Sonja the rime drake
 12432 | Lair:1   | Killed Sonja the rime drake
 12736 | Lair:1   | Received a gift from Okawaru
 12836 | Lair:1   | Got a dazzling glaive {god gift}
 12842 | Lair:1   | Identified the +3 glaive "Killer Bee's Regret" {flame, *Contam rF+++ MR++ Dex-4} (Okawaru gifted it to you on level 1 of the Lair of Beasts)
 12891 | Lair:1   | Lost mutation: You have supernaturally acute eyesight. [mutagenic glow]
 12903 | Lair:1   | Gained mutation: Your magical and physical power is slightly enhanced at high health. [demonic ancestry]
 12903 | Lair:1   | Reached XP level 12. HP: 70/85 MP: 12/12
 13042 | Lair:1   | Reached skill level 17 in Axes
 13663 | Lair:2   | Found a labyrinth entrance.
 13681 | Lab      | Entered a labyrinth
 14159 | Lab      | Noticed a minotaur
 14165 | Lab      | Killed a minotaur
 14207 | Lab      | Got a slimy great sword
 14351 | Lair:2   | Received a gift from Okawaru
 15019 | Lair:2   | Noticed an eight-headed hydra
 15026 | Lair:2   | Killed a nine-headed hydra
 15026 | Lair:2   | Reached skill level 18 in Axes
 15533 | Lair:3   | Received a gift from Okawaru
 16090 | Lair:3   | Noticed a seven-headed hydra
 16114 | Lair:3   | Killed a 13-headed hydra
 16211 | Lair:3   | Reached XP level 13. HP: 45/90 MP: 13/13
 16497 | Lair:3   | Found a staircase to the Shoals.
 16650 | Lair:3   | Reached skill level 19 in Axes
 17082 | Lair:4   | Found a hole to the Spider Nest.
 17692 | Lair:4   | Received a gift from Okawaru
 18187 | Lair:5   | Reached ****** piety under Okawaru
 18833 | Lair:6   | Received a gift from Okawaru
 18839 | Lair:6   | Reached skill level 5 in Fighting
 18848 | Lair:6   | Slain by a 12-headed hydra

Skill      XL: |  1  2  3  4  5  6  7  8  9 10 11 12 13 |
---------------+----------------------------------------+-----
Axes           | 2 3 5 7 8 10 12 14 16 18 19 | 19.5
Armour         | 4 |  4.4
Fighting       | 5 |  5.2
Shields        | |  2.6

Action                   |  1- 3 |  4- 6 |  7- 9 | 10-12 | 13-15 || total
-------------------------+-------+-------+-------+-------+-------++-------
Melee: War axe           |    97 |   232 |   450 |   434 |       ||  1213
       Headbutt          |     9 |    39 |    75 |   178 |    56 ||   357
       Battleaxe         |       |       |       |   251 |   275 ||   526
       Demon whip        |       |       |       |       |     5 ||     5
Throw: Tomahawk          |       |       |       |     1 |       ||     1
Invok: Heroism           |       |       |     1 |    12 |     1 ||    14
Evoke: Wand              |       |       |       |     8 |       ||     8
  Use: Scroll            |       |       |     7 |    11 |    12 ||    30
       Potion            |       |       |     1 |     4 |       ||     5
 Stab: Distracted        |       |       |       |     6 |     2 ||     8
       Invisible         |       |       |       |    10 |       ||    10
  Eat: Chunk             |       |     7 |    21 |    24 |     9 ||    61
       Royal jelly       |       |       |       |     1 |       ||     1
       Fruit             |       |       |       |     1 |       ||     1
       Beef jerky        |       |       |       |     1 |       ||     1
Armor: Scale mail        |    38 |       |       |       |       ||    38
       Chain mail        |     9 |   155 |   210 |   170 |   112 ||   656
       Skin              |       |       |    33 |     1 |       ||    34
       Plate armour      |       |       |       |   114 |       ||   114
Dodge: Dodged            |    32 |    46 |    64 |   127 |    69 ||   338
Block: Shield            |    45 |   114 |   161 |   183 |       ||   503
